TOP OF THE 1ST |
Seattle Rainiers batting - Pitching for Saskatoon Smokin' Guns : RHP Bernardo Romero
|
Pitching: RHP Bernardo Romero
|
|
Batting: RHB Edward Melton
|
0-0: Ball 1-0: Foul Ball, location: 2F 1-1: Called Strike 1-2: Strikes out looking
|
Batting: RHB Enrique Mendoza
|
0-0: Called Strike 0-1: Foul Ball, location: 2F 0-2: Foul Ball, location: 2F 0-2: Ball 1-2: DOUBLE (Groundball, 5L)
|
Batting: RHB Jorge Montoya
|
0-0: Called Strike 0-1: Ball 1-1: Swinging Strike 1-2: Foul Ball, location: 2F 1-2: Ball 2-2: Ball 3-2: Strikes out looking
|
Batting: LHB Brian Boone
|
0-0: Foul Ball, location: 2F 0-1: Foul Ball, location: 2F 0-2: Ground out 1-3 (Groundball, 15)
|
Top of the 1st over - 0 run(s), 1 hit(s), 0 error(s), 1 left on base; Seattle 0 - Saskatoon 0 |
BOTTOM OF THE 1ST |
Saskatoon Smokin' Guns batting - Pitching for Seattle Rainiers : LHP William Gordon
|
Pitching: LHP William Gordon
|
|
Batting: RHB Juan Chávez
|
0-0: Called Strike 0-1: Called Strike 0-2: Ball 1-2: Fly out, F9 (Flyball, 89M)
|
Batting: LHB Bo Rush
|
0-0: Ball 1-0: Ball 2-0: Foul Ball, location: 2F 2-1: Ground out 4-3 (Groundball, 34)
|
Batting: LHB José Liñares
|
0-0: Ball 1-0: Ball 2-0: Called Strike 2-1: Ground out 1-3 (Groundball, 15)
|
Bottom of the 1st over - 0 run(s), 0 hit(s), 0 error(s), 0 left on base; Seattle 0 - Saskatoon 0 |
TOP OF THE 2ND |
Seattle Rainiers batting - Pitching for Saskatoon Smokin' Guns : RHP Bernardo Romero
|
Batting: RHB Roberto Pérez
|
0-0: Ball 1-0: Called Strike 1-1: Ball 2-1: Foul Ball, location: 2F 2-2: Strikes out looking
|
Batting: RHB Robert Marks
|
0-0: Ball 1-0: Called Strike 1-1: Swinging Strike 1-2: Ground out 4-3 (Groundball, 4M)
|
Batting: RHB Jacob Hill
|
0-0: Ball 1-0: Fly out, F8 (Flyball, 8RM)
|
Top of the 2nd over - 0 run(s), 0 hit(s), 0 error(s), 0 left on base; Seattle 0 - Saskatoon 0 |
BOTTOM OF THE 2ND |
Saskatoon Smokin' Guns batting - Pitching for Seattle Rainiers : LHP William Gordon
|
Batting: RHB Eric Neal
|
0-0: SINGLE (Groundball, 6)
|
Batting: LHB Russell Peck
|
0-0: Ball 1-0: Ball 2-0: Ball 3-0: Base on Balls Eric Neal to second
|
Batting: LHB Raúl Casillán
|
0-0: DOUBLE (Line Drive, 9D) Eric Neal scores Russell Peck to third Runner from 3rd tries for Home, SAFE, no throw or cutoff
|
Batting: SHB Michael Miller
|
0-0: DOUBLE (Line Drive, 7LS) Raúl Casillán scores
|
Batting: RHB Alvin Hampton
|
0-0: Ball 1-0: Foul Ball, location: 2F 1-1: Fly out, F8 (Flyball, 8RXD) Runner from 2nd tags up, SAFE at 3rd, no throw
|
Batting: RHB Ben Fisher
|
0-0: Ball 1-0: Called Strike Steal of home, Michael Miller is safe 1-1: Ball 2-1: Ground out 4-3 (Groundball, 4M)
|
Batting: RHB Juan Chávez
|
0-0: Called Strike 0-1: Foul Ball, location: 2F 0-2: Ball 1-2: Hit by Pitch
|
Batting: LHB Bo Rush
|
0-0: Foul Ball, location: 2F 0-1: DOUBLE (Groundball, 5L) Juan Chávez to third
|
Batting: LHB José Liñares
|
0-0: Ball 1-0: Fly out, F7 (Flyball, 7LM)
|
Bottom of the 2nd over - 4 run(s), 4 hit(s), 0 error(s), 2 left on base; Seattle 0 - Saskatoon 4 |
TOP OF THE 3RD |
Seattle Rainiers batting - Pitching for Saskatoon Smokin' Guns : RHP Bernardo Romero
|
Batting: RHB Doug Williams
|
0-0: Called Strike 0-1: Ball 1-1: Ball 2-1: Foul Ball, location: 2F 2-2: Ball 3-2: Foul Ball, location: 2F 3-2: Foul Ball, location: 2F 3-2: Foul Ball, location: 2F 3-2: Foul Ball, location: 2F 3-2: Strikes out swinging
|
Batting: RHB Jorge Colón
|
0-0: Called Strike 0-1: Ball 1-1: Foul Ball, location: 2F 1-2: Ball 2-2: Strikes out swinging
|
Batting: RHB Edward Melton
|
0-0: Ball 1-0: Called Strike 1-1: Foul Ball, location: 2F 1-2: Ball 2-2: Strikes out swinging
|
Top of the 3rd over - 0 run(s), 0 hit(s), 0 error(s), 0 left on base; Seattle 0 - Saskatoon 4 |
BOTTOM OF THE 3RD |
Saskatoon Smokin' Guns batting - Pitching for Seattle Rainiers : LHP William Gordon
|
Batting: RHB Eric Neal
|
0-0: Called Strike 0-1: Ball 1-1: Ball 2-1: Fly out, F8 (Flyball, 8LD)
|
Batting: LHB Russell Peck
|
0-0: Ground out 4-3 (Groundball, 4)
|
Batting: LHB Raúl Casillán
|
0-0: Ball 1-0: Ball 2-0: Called Strike 2-1: Fly out, F7 (Flyball, 78S)
|
Bottom of the 3rd over - 0 run(s), 0 hit(s), 0 error(s), 0 left on base; Seattle 0 - Saskatoon 4 |
TOP OF THE 4TH |
Seattle Rainiers batting - Pitching for Saskatoon Smokin' Guns : RHP Bernardo Romero
|
Batting: RHB Enrique Mendoza
|
0-0: SINGLE (Groundball, 34D)
|
Batting: RHB Jorge Montoya
|
0-0: Called Strike 0-1: Fly out, F7 (Flyball, 7LMF)
|
Batting: LHB Brian Boone
|
0-0: Ball 1-0: Swinging Strike 1-1: Ball Enrique Mendoza steals 2nd base 2-1: Fly out, F4 (Popup, 4D)
|
Batting: RHB Roberto Pérez
|
0-0: Swinging Strike 0-1: Ball 1-1: Foul Ball, location: 2F 1-2: Fly out, F9 (Popup, 89S)
|
Top of the 4th over - 0 run(s), 1 hit(s), 0 error(s), 1 left on base; Seattle 0 - Saskatoon 4 |
BOTTOM OF THE 4TH |
Saskatoon Smokin' Guns batting - Pitching for Seattle Rainiers : LHP William Gordon
|
Batting: SHB Michael Miller
|
0-0: Swinging Strike 0-1: Ground out 3-1 (Groundball, 34S)
|
Batting: RHB Alvin Hampton
|
0-0: Ball 1-0: DOUBLE (Line Drive, 7LS)
|
Batting: RHB Ben Fisher
|
0-0: SINGLE (Flyball, 78S) Alvin Hampton to third Runner from 3rd tries for Home, SAFE, throw made home
|
Batting: RHB Juan Chávez
|
0-0: Ball 1-0: Ball 2-0: Called Strike 2-1: Ball 3-1: Foul Ball, location: 2F 3-2: Foul Ball, location: 2F 3-2: Grounds into double play, 6-4-3 (Groundball, 56)
|
Bottom of the 4th over - 1 run(s), 2 hit(s), 0 error(s), 0 left on base; Seattle 0 - Saskatoon 5 |
TOP OF THE 5TH |
Seattle Rainiers batting - Pitching for Saskatoon Smokin' Guns : RHP Bernardo Romero
|
Batting: RHB Robert Marks
|
0-0: Called Strike 0-1: Foul Ball, location: 2F 0-2: Ball 1-2: Ball 2-2: Foul Ball, location: 2F 2-2: Ball 3-2: Base on Balls
|
Batting: RHB Jacob Hill
|
0-0: Called Strike 0-1: Fly out, F6 (Popup, 6D)
|
Batting: RHB Doug Williams
|
0-0: Ball 1-0: Ball 2-0: Called Strike 2-1: Ball 3-1: Swinging Strike 3-2: Strikes out swinging
|
Batting: RHB Jorge Colón
|
0-0: Fly out, F8 (Flyball, 8RM)
|
Top of the 5th over - 0 run(s), 0 hit(s), 0 error(s), 1 left on base; Seattle 0 - Saskatoon 5 |
BOTTOM OF THE 5TH |
Saskatoon Smokin' Guns batting - Pitching for Seattle Rainiers : LHP William Gordon
|
Batting: LHB Bo Rush
|
0-0: Called Strike 0-1: Swinging Strike 0-2: Ground out 5-3 (Groundball, 5S)
|
Batting: LHB José Liñares
|
0-0: SINGLE (Line Drive, 6MD)
|
Batting: RHB Eric Neal
|
0-0: Swinging Strike 0-1: Ball 1-1: Ball 2-1: Ball 3-1: Base on Balls José Liñares to second
|
Batting: LHB Russell Peck
|
0-0: Fly out, F5 (Popup, 5F)
|
Batting: LHB Raúl Casillán
|
0-0: Called Strike 0-1: Foul Ball, location: 2F 0-2: DOUBLE (Line Drive, 89M) José Liñares scores Eric Neal to third
|
Batting: SHB Michael Miller
|
0-0: Called Strike 0-1: Called Strike 0-2: Ball 1-2: Fly out, F8 (Flyball, 8LM)
|
Bottom of the 5th over - 1 run(s), 2 hit(s), 0 error(s), 2 left on base; Seattle 0 - Saskatoon 6 |
TOP OF THE 6TH |
Seattle Rainiers batting - Pitching for Saskatoon Smokin' Guns : RHP Bernardo Romero
|
Batting: RHB Edward Melton
|
0-0: Foul Ball, location: 2F 0-1: Ball 1-1: Ball 2-1: Foul Ball, location: 2F 2-2: Ball 3-2: Ground out 5-3 (Groundball, 5)
|
Batting: RHB Enrique Mendoza
|
0-0: Ball 1-0: Ball 2-0: Called Strike 2-1: Ball 3-1: Base on Balls
|
Pitching: LHP Dawson Sutton
|
|
Batting: RHB Jorge Montoya
|
0-0: Foul Ball, location: 2F 0-1: Ball 1-1: SINGLE (Groundball, 56D) Enrique Mendoza to second
|
Batting: LHB Brian Boone
|
0-0: Foul Ball, location: 2F 0-1: Ball 1-1: Ball 2-1: Swinging Strike 2-2: Fly out, F4 (Popup, 9LS)
|
Batting: RHB Roberto Pérez
|
0-0: Called Strike 0-1: Fly out, F9 (Flyball, 9M)
|
Top of the 6th over - 0 run(s), 1 hit(s), 0 error(s), 2 left on base; Seattle 0 - Saskatoon 6 |
BOTTOM OF THE 6TH |
Saskatoon Smokin' Guns batting - Pitching for Seattle Rainiers : LHP William Gordon
|
Batting: RHB Alvin Hampton
|
0-0: Ball 1-0: SINGLE (Groundball, 13) (infield hit)
|
Batting: RHB Ben Fisher
|
0-0: Called Strike 0-1: Foul Ball, location: 2F 0-2: Ball 1-2: Strikes out looking
|
Batting: RHB Juan Chávez
|
0-0: Ball 1-0: Ball 2-0: Called Strike 2-1: Ball 3-1: Fly out, F7 (Flyball, 78M)
|
Batting: LHB Bo Rush
|
0-0: Called Strike 0-1: Foul Ball, location: 2F 0-2: Ball 1-2: Foul Ball, location: 2F 1-2: Strikes out swinging
|
Bottom of the 6th over - 0 run(s), 1 hit(s), 0 error(s), 1 left on base; Seattle 0 - Saskatoon 6 |
TOP OF THE 7TH |
Seattle Rainiers batting - Pitching for Saskatoon Smokin' Guns : LHP Dawson Sutton
|
Batting: RHB Robert Marks
|
0-0: SINGLE (Line Drive, 7LM)
|
Batting: RHB Jacob Hill
|
0-0: Called Strike 0-1: SINGLE (Line Drive, 56D) Robert Marks to second
|
Batting: RHB Doug Williams
|
0-0: Fly out, F8 (Flyball, 8RM)
|
Batting: RHB Jorge Colón
|
0-0: Ball 1-0: Fly out, F9 (Flyball, 89M)
|
Batting: RHB Edward Melton
|
0-0: Foul Ball, location: 2F 0-1: Ball Wild Pitch! Robert Marks to third Jacob Hill to second 1-1: Foul Ball, location: 2F 1-2: Ball 2-2: Foul Ball, location: 2F 2-2: Ground out 5-3 (Groundball, 56)
|
Top of the 7th over - 0 run(s), 2 hit(s), 0 error(s), 2 left on base; Seattle 0 - Saskatoon 6 |
BOTTOM OF THE 7TH |
Saskatoon Smokin' Guns batting - Pitching for Seattle Rainiers : LHP William Gordon
|
Pitching: RHP Lúcio Feliciano
|
|
Batting: LHB José Liñares
|
0-0: Called Strike 0-1: Foul Ball, location: 2F 0-2: Ball 1-2: Strikes out swinging
|
Batting: RHB Eric Neal
|
0-0: Called Strike 0-1: Ball 1-1: Ground out 6-3 (Groundball, 6M)
|
Batting: LHB Russell Peck
|
0-0: Foul Ball, location: 2F 0-1: Foul Ball, location: 2F 0-2: Ground out 6-3 (Groundball, 6M)
|
Bottom of the 7th over - 0 run(s), 0 hit(s), 0 error(s), 0 left on base; Seattle 0 - Saskatoon 6 |
TOP OF THE 8TH |
Seattle Rainiers batting - Pitching for Saskatoon Smokin' Guns : LHP Dawson Sutton
|
Batting: RHB Enrique Mendoza
|
0-0: Called Strike 0-1: Ball 1-1: Called Strike 1-2: Strikes out swinging
|
Pitching: RHP Daniel Casey
|
|
Batting: RHB Jorge Montoya
|
0-0: Ground out 6-3 (Groundball, 6)
|
Batting: LHB Brian Boone
|
0-0: Fly out, F8 (Flyball, 8LD)
|
Top of the 8th over - 0 run(s), 0 hit(s), 0 error(s), 0 left on base; Seattle 0 - Saskatoon 6 |
BOTTOM OF THE 8TH |
Saskatoon Smokin' Guns batting - Pitching for Seattle Rainiers : RHP Lúcio Feliciano
|
Batting: LHB Raúl Casillán
|
0-0: Ball 1-0: Ball 2-0: Swinging Strike 2-1: Ball 3-1: Swinging Strike 3-2: DOUBLE (Line Drive, 9LM)
|
Batting: SHB Michael Miller
|
0-0: Foul Ball, location: 2F 0-1: Called Strike 0-2: Fly out, F8 (Flyball, 8LM)
|
Batting: RHB Alvin Hampton
|
0-0: Ball 1-0: Ball 2-0: Ball 3-0: Called Strike 3-1: Called Strike 3-2: Strikes out swinging
|
Batting: RHB Ben Fisher
|
0-0: Called Strike Raúl Casillán steals 3rd base 0-1: Ball 1-1: Foul Ball, location: 2F 1-2: Strikes out looking
|
Bottom of the 8th over - 0 run(s), 1 hit(s), 0 error(s), 1 left on base; Seattle 0 - Saskatoon 6 |
TOP OF THE 9TH |
Seattle Rainiers batting - Pitching for Saskatoon Smokin' Guns : RHP Daniel Casey
|
Batting: RHB Roberto Pérez
|
0-0: Called Strike 0-1: Foul Ball, location: 2F 0-2: Ball 1-2: Strikes out swinging, 2-3 out at first.
|
Batting: RHB Robert Marks
|
0-0: Ground out 1-3 (Groundball, 13S)
|
Batting: RHB Jacob Hill
|
0-0: Ball 1-0: Ball 2-0: Called Strike 2-1: Swinging Strike 2-2: Strikes out swinging
|
Top of the 9th over - 0 run(s), 0 hit(s), 0 error(s), 0 left on base; Seattle 0 - Saskatoon 6 |
|